AoeStats
← Barón de la Cerveza

Arabia

510412898Analyzed
1v1 RM · 1d ago on Sep 30, 2026· 41m 59s· 2 players
Game mode
Random Map
Map size
Tiny (2 player)
Population
200
Speed
Normal
Resources
Standard
Victory
Conquest
Starting age
Dark Age
Ending age
Imperial Age
RankedLock teamsTeams togetherTeam positionsShared explorationLock speedFull tech treeHidden civsTurbo modeCheats
Victory
Defeat
🇦🇷 Wei · Argentina
1809
+18
🇲🇽 Khmer · Mexico
1842
-18
Mr Grueso
6:32 Loom
8:41 Feudal Age
9:20 Double-Bit Axe
9:40 Horse Collar
14:33 Gold Mining
16:15 Wheelbarrow
18:47 Castle Age
18:09 Fletching
18:19 Padded Archer Armor
19:24 Bloodlines
19:35 Bodkin Arrow
19:52 Bow Saw
20:50 Husbandry
24:01 Town Watch
26:07 Ballistics
26:16 Thumb Ring
30:13 Leather Archer Armor
31:22 Hand Cart
33:48 Heavy Plow
37:27 Imperial Age
35:53 Scale Barding Armor
35:58 Forging
36:23 Stone Mining
37:46 Chain Barding Armor
38:01 Iron Casting
38:24 Bracer
38:47 Conscription
39:00 Parthian Tactics
39:48 Iron Casting
39:21 Heavy Hei Guang Cavalry
41:20 Chemistry
41:32 Blast Furnace
41:25 Ring Archer Armor
40:58 Light Cavalry
Barón de la Cerveza
7:55 Feudal Age
8:27 Loom
9:26 Double-Bit Axe
10:42 Town Watch
10:45 Horse Collar
15:09 Bloodlines
17:13 Fletching
23:02 Castle Age
23:08 Scale Barding Armor
23:07 Light Cavalry
23:48 Husbandry
23:17 Crossbowman
25:19 Forging
26:04 Bodkin Arrow
26:57 Heavy Plow
28:45 Chain Barding Armor
29:18 Bow Saw
40:17 Imperial Age
38:17 Ballistics
41:45 Bracer
Connection lost

Rejoining the realm…

Still unreachable

The connection could not be restored.

Session expired

The server has moved on; the page needs a fresh start.